 Dungeon Crawl Stone Soup version 0.22.0-6-g71bd7aa (webtiles) character file.

4186 HallandMoats the Cleaver (level 10, -4/79 HPs)
             Began as a Formicid Fighter on Aug 14, 2018.
             Was an Elder of the Shining One.
             Slain by a troll (8 damage)
             ... on level 9 of the Dungeon.
             The game lasted 00:12:22 (9567 turns).

HallandMoats the Cleaver (Formicid Fighter)         Turns: 9567, Time: 00:12:22

Health: -4/79      AC: 17    Str: 22    XL:     10   Next: 53%
Magic:  10/13      EV: 11    Int:  8    God:    the Shining One [****..]
Gold:   530        SH: 13    Dex: 12    Spells: 9/9 levels left

rFire    + . .     SeeInvis +   a - +0 hand axe (flame)
rCold    + . .     Gourm    .   A - +0 buckler
rNeg     + + .     Faith    .   u - +2 chain mail {rC+}
rPois    .         Spirit   .   (helmet unavailable)
rElec    .         Reflect  .   i - +1 cloak
rCorr    +         Harm     .   C - +0 pair of gloves
MR       +....                  l - +0 pair of boots
Stlth    ..........             (no amulet)
HPRegen  0.23/turn              n - ring of protection from fire
MPRegen  0.13/turn              D - ring of resist corrosion

@: divine shield, glowing
A: permanent stasis, dig shafts and tunnels, four strong arms, antennae 3
a: Dig, Shaft Self, Divine Shield, Cleansing Flame, Renounce Religion


You were on level 9 of the Dungeon.
You worshipped the Shining One.
The Shining One was greatly pleased with you.
You were not hungry.

You visited 1 branch of the dungeon, and saw 9 of its levels.
You also visited: Ossuary.

You collected 530 gold pieces.

Inventory:

Hand Weapons
 a - a +0 hand axe of flaming (weapon)
Armour
 i - a +1 cloak (worn)
 l - a +0 pair of boots (worn)
 u - a +2 chain mail of cold resistance (worn)
 A - a +0 buckler (worn)
 C - a +0 pair of gloves (worn)
Jewellery
 n - a ring of protection from fire (left hand)
 o - an uncursed ring of flight
 D - a ring of resist corrosion (right hand)
 F - an uncursed ring of ice
 G - an uncursed ring of stealth
 L - a cursed ring of teleportation {unknown}
 M - a cursed -3 ring of intelligence {unknown}
 O - a cursed ring of teleportation {unknown}
Wands
 t - a wand of paralysis (5)
 v - a wand of acid (3)
 E - a wand of scattershot (5)
Scrolls
 b - a scroll of fear {unknown}
 e - 5 scrolls of remove curse {unknown}
 h - a scroll of identify
 j - 4 scrolls of immolation {unknown}
 m - a scroll of fog {unknown}
 q - 2 scrolls of noise {unknown}
 r - 3 scrolls of teleportation {unknown}
 w - a scroll of enchant armour {unknown}
 x - 2 scrolls of magic mapping {unknown}
 y - a scroll of random uselessness {unknown}
 B - 3 scrolls of enchant weapon {unknown}
 K - a scroll of amnesia {unknown}
Potions
 c - a potion of experience {unknown}
 d - 3 potions of might
 g - 2 potions of agility
 k - 4 potions of lignification
 p - 3 potions of flight
 s - 3 potions of curing
 z - a potion of ambrosia
 H - a potion of magic {unknown}
 I - a potion of heal wounds
 J - 2 potions of brilliance
 N - 2 potions of degeneration {unknown}
Comestibles
 f - 22 rations
 P - 8 chunks of flesh


   Skills:
 + Level 7.6 Fighting
 * Level 8.0 Axes
 + Level 6.8 Armour
 * Level 6.6 Dodging
 - Level 5.7 Shields
 + Level 4.5 Invocations


You had 9 spell levels left.
You didn't know any spells.
Your spell library was empty.

Dungeon Overview and Level Annotations

Branches:
Dungeon (9/15)             Temple (0/1) D:6
   Lair: D:8-11         Orc: D:9-12

Altars:
Ashenzari
Cheibriados
Elyvilon
Hepliaklqana
Makhleb
Okawaru
Ru
Uskayaw
Wu Jian
The Shining One

Annotations:
D:5 1 runed door, mif's ghost, novice MiBe


Innate Abilities, Weirdness & Mutations

You cannot be hasted, slowed, berserked, paralysed or teleported.
You can dig through walls and to a lower floor.
Your four strong arms can wield two-handed weapons with a shield.
You have a pair of large antennae on your head. (SInv)


Message History

The orc warrior hits you but does no damage.
You hit the troll but do no damage.
The troll is lightly wounded.
You block the troll's attack. x3
You slash the troll! You burn the troll.
The troll is moderately wounded.
You block the orc warrior's attack. The troll barely misses you.
The troll claws you but does no damage. You block the troll's attack.
You hit the troll. You burn the troll.
The troll is moderately wounded.
The orc warrior hits you from afar with a trident!
The troll closely misses you. The troll claws you!
* * * LOW HITPOINT WARNING * * *
The troll claws you but does no damage.
You hit the troll. You burn the troll.
The troll is moderately wounded.
The orc warrior hits you from afar with a trident!
* * * LOW HITPOINT WARNING * * *
The troll closely misses you. The troll claws you!
You die...

.......... #..#..# #[.#........
......... #..#..#####..#........
#'###### #..#.........#........
.......# #..#.........#........
####...#####..#########'#........
...#..................'_'.#######
...#...#########......#+#.#
...#...# #.#####....# ...#...#
#@# #....# ####...# ###T# #....#
#...# #.oK# #...... #...# #..o#
#....... #...#######...# #..#####
#.............#####..#
##...................
#............†.......
#............(...{...


You could see a troll, an orc warrior, an orc and a kobold.

Vanquished Creatures
  A troll (D:9)
  An orc warrior (D:5)
  4 ice beasts
  2 sky beasts
  2 ogres
  A necrophage (D:8)
  3 centaurs
  2 big kobolds
  5 bullfrogs
  2 water moccasin zombies (Ossuary)
  A scorpion (D:5)
  9 killer bees (D:8)
  3 wights (D:6)
  2 electric eels (D:6)
  2 howler monkeys
  3 crimson imps
  A bullfrog zombie (D:5)
  5 jellies
  2 bullfrog skeletons
  5 orc priests
  Crazy Yiuf (D:7)
  4 hounds
  5 iguanas
  A centaur skeleton (D:6)
  8 orc wizards
  2 worker ants (D:8)
  A killer bee zombie (D:8)
  A big kobold zombie (Ossuary)
  2 hound skeletons
  2 mummies (Ossuary)
  A worker ant zombie (D:9)
  Robin (D:3)
  7 gnolls
  7 river rats (D:9)
  5 adders
  A shadow imp (D:8)
  5 oozes (D:8)
  2 adder skeletons (D:3)
  7 adder zombies (Ossuary)
  2 worms
  3 dart slugs
  2 leopard geckos
  23 orcs
  5 giant cockroaches
  A gnoll zombie (Ossuary)
  16 goblins
  5 hobgoblins
  4 jackals
  A quokka (D:2)
  A ball python skeleton (D:3)
  8 bats
  4 frilled lizards
  2 hobgoblin zombies (Ossuary)
  16 kobolds
  5 kobold zombies (Ossuary)
  3 orc zombies (Ossuary)
  A quokka zombie (D:5)
  20 rats
241 creatures vanquished.

Notes
Turn   | Place    | Note
-------+----------+-------------------------------------------
     0 | D:1      | HallandMoats the Formicid Fighter began the quest for the Orb.
     0 | D:1      | Reached XP level 1. HP: 18/18 MP: 1/1
   390 | D:1      | Reached XP level 2. HP: 24/24 MP: 2/2
   789 | D:2      | Reached XP level 3. HP: 20/30 MP: 3/3
   991 | D:2      | Found a shattered altar of Ashenzari.
  1175 | D:2      | Found a glowing golden altar of the Shining One.
  1197 | D:2      | Became a worshipper of the Shining One
  1292 | D:2      | Found a burning altar of Makhleb.
  1439 | D:2      | Reached skill level 1 in Dodging
  1439 | D:2      | Reached XP level 4. HP: 31/37 MP: 4/4
  1671 | D:3      | Reached skill level 3 in Axes
  1691 | D:3      | Reached XP level 5. HP: 7/42 MP: 5/5
  1978 | D:3      | Found an ornate altar of the Wu Jian Council.
  2238 | D:3      | You fall through a shaft!
  2370 | D:3      | Noticed Robin
  2382 | D:3      | Killed Robin
  2573 | D:3      | Reached XP level 6. HP: 9/50 MP: 6/6
  2574 | D:3      | Reached skill level 5 in Fighting
  2869 | D:3      | Reached * piety under the Shining One
  3126 | D:4      | Noticed an ogre
  3130 | D:4      | Killed an ogre
  3130 | D:4      | Reached skill level 4 in Axes
  3635 | D:4      | Reached XP level 7. HP: 56/56 MP: 7/7
  4415 | D:5      | Entered Level 5 of the Dungeon
  4424 | D:5      | Found a white marble altar of Elyvilon.
  4543 | D:5      | Noticed mif's ghost (novice MiBe)
  4545 | D:5      | Found a runed door.
  4586 | D:5      | Reached XP level 8. HP: 58/64 MP: 8/8
  4748 | D:5      | Reached skill level 5 in Axes
  4806 | D:5      | Reached skill level 5 in Armour
  4827 | D:5      | Found a sand-covered staircase.
  4836 | Ossuary  | Entered an ossuary
  4847 | Ossuary  | Reached ** piety under the Shining One
  4941 | Ossuary  | Reached *** piety under the Shining One
  5252 | D:6      | Found a staircase to the Ecumenical Temple.
  5671 | D:6      | Reached skill level 1 in Invocations
  5685 | D:6      | Found a sacrificial altar of Ru.
  5890 | D:6      | Reached skill level 6 in Axes
  5890 | D:6      | Reached skill level 5 in Shields
  5890 | D:6      | Reached XP level 9. HP: 62/69 MP: 8/10
  6118 | D:6      | Reached skill level 5 in Dodging
  7457 | D:7      | Found a hazy altar of Hepliaklqana.
  7792 | D:7      | Found a hide-covered altar of Uskayaw.
  7832 | D:7      | Found a runed door.
  7859 | D:7      | Found an iron altar of Okawaru.
  8237 | D:7      | Noticed Crazy Yiuf
  8242 | D:7      | Killed Crazy Yiuf
  8310 | D:8      | Reached skill level 7 in Axes
  8348 | D:8      | Reached **** piety under the Shining One
  8356 | D:8      | Reached XP level 10. HP: 75/79 MP: 12/12
  9232 | D:9      | Found a snail-covered altar of Cheibriados.
  9556 | D:9      | Reached skill level 8 in Axes
  9567 | D:9      | Slain by a troll

Skill      XL: |  1  2  3  4  5  6  7  8  9 10 |
---------------+-------------------------------+-----
Fighting       | 4 5 6 7 |  7.6
Dodging        | 1 2 3 4 5 6 |  6.6
Axes           | 3 4 6 7 8 |  8.0
Armour         | 4 5 6 |  6.8
Shields        | 4 5 |  5.7
Invocations    | 1 3 4 |  4.5

Action                   |  1- 3 |  4- 6 |  7- 9 | 10-12 || total
-------------------------+-------+-------+-------+-------++-------
Melee: War axe           |   113 |   111 |     7 |       ||   231
       Hand axe          |       |       |   337 |   228 ||   565
Invok: Divine Shield     |       |       |       |     4 ||     4
 Abil: Dig               |       |       |       |     1 ||     1
Evoke: Wand              |       |       |     4 |       ||     4
  Use: Scroll            |       |       |    11 |       ||    11
  Eat: Chunk             |     2 |     6 |    13 |     4 ||    25
       Ration            |       |       |     1 |       ||     1
Armor: Scale mail        |    83 |    33 |       |       ||   116
       Chain mail        |       |    44 |   150 |   103 ||   297
Dodge: Dodged            |    50 |    40 |   112 |   119 ||   321
Block: Shield            |   101 |    75 |   149 |       ||   325
       Buckler           |       |       |     6 |   116 ||   122
